 Dungeon Crawl Stone Soup version 0.31.0-9-g3a7656b989 (webtiles) character file.

Game seed: 643236385868085527

3399 qw the Skirmisher (level 9, -3/75 HPs)
             Began as a Demigod Hunter on Feb 2, 2024.
             Shot with an arrow by a centaur warrior (16 damage)
             ... on level 8 of the Dungeon.
             The game lasted 00:00:30 (6857 turns).

qw the Skirmisher (Demigod Hunter)                  Turns: 6857, Time: 00:00:30

Health: -3/75      AC:  5    Str: 12    XL:     9   Next: 47%
Magic:  11/11      EV: 17    Int: 11    God:
Gold:   366        SH:  5    Dex: 29    Spells: 8/8 levels left

rFire   . . .        a - +3 shortbow (heavy)
rCold   + . .        (shield currently unavailable)
rNeg    + . .        m - +2 leather armour {rN+}
rPois   +            (no helmet)
rElec   .            (no cloak)
rCorr   .            (no gloves)
SInv    .            (no boots)
Will    .....        e - amulet of reflection
Stlth   ++           h - ring of poison resistance
HPRegen 0.32/turn    o - ring of protection from cold
MPRegen 0.12/turn

%: reflection
@: no status effects
A: high MP 1, forlorn, divine attributes
a: no special abilities


You were on level 8 of the Dungeon.
You visited 1 branch of the dungeon, and saw 8 of its levels.

You collected 366 gold pieces.


Innate Abilities, Weirdness & Mutations

You have an increased reservoir of magic. (+10% MP)
You shall have no god before yourself.
Your divine heritage dramatically boosts your attributes as you level up.


   Skills:
 - Level 6.0 Fighting
 + Level 10.0 Ranged Weapons
 - Level 2.4 Armour
 - Level 6.2 Dodging
 - Level 0.8 Stealth


You had 8 spell levels left.
You didn't know any spells.
Your spell library was empty.

Inventory:

Hand Weapons
 a - a +3 heavy shortbow (weapon)
Armour
 m - a +2 leather armour of positive energy (worn)
Jewellery
 e - an amulet of reflection (around neck)
 h - a ring of poison resistance (left hand)
 o - a ring of protection from cold (right hand)
Scrolls
 g - a scroll of identify
Potions
 c - a potion of mutation
 d - a potion of resistance
 f - 2 potions of might
 j - a potion of enlightenment
 k - 3 potions of curing

Dungeon Overview and Level Annotations

Branches:
Dungeon (8/15)             Temple (0/1) D:5
   Lair: D:8-11

Shops:
D:4 *

Annotations:
D:7 2 transporters, 1 runed translucent door, Crazy Yiuf; qw's ghost, novice DjHu


Message History

Your Fighting skill increases to level 6!
You start resting.
A bat comes into view.
You shoot an arrow. The arrow hits the bat.
You kill the bat!
You start resting.
HP restored.
Items here: %%% )) [[.
You see here a bat corpse.
Found a potion of attraction.
Found a leather armour.
Found 3 stones.
A jelly comes into view.
You shoot an arrow. The arrow hits the jelly!!
You kill the jelly!
A centaur warrior comes into view.
6853 ||| ZAPPING wand of paralysis (1) at -6,-7 (centaur warrior; floor).
Aiming: Paralyse
Press: ? - help, Q - select action, (/) - cycle Shift-Dir - straight line, f - centaur warrior The centaur warrior shouts!
The centaur warrior easily resists.
The now-empty wand crumbles to dust.
The centaur warrior wields a +0 shortbow.
The centaur warrior shoots an arrow.
The arrow hits you!
You shoot an arrow. The arrow hits the centaur warrior!!
The centaur warrior is heavily wounded.
The centaur warrior shoots an arrow.
The arrow hits you.
You shoot an arrow. The arrow hits the centaur warrior!
The centaur warrior is heavily wounded.
The centaur warrior shoots an arrow.
The arrow barely misses you.
You shoot an arrow. The arrow hits the centaur warrior!
The centaur warrior is severely wounded.
The centaur warrior shoots an arrow.
The arrow barely misses you.
The centaur warrior shoots an arrow.
The arrow hits you!
You shoot an arrow.
The arrow hits the centaur warrior but does no damage.
The centaur warrior is severely wounded.
The centaur warrior shoots an arrow.
The arrow hits you!!
The centaur warrior shoots an arrow.
The arrow hits you!
You die...

# #######.# . ..
..## #.# #.#
#...########.#
..c##.#..........#
....#.##.##.######
#.....#.##.##
#....##..#
#........#
###@###..#
#}...}#..#
#.....#..#
....}.....#
..#.....#..#
....#}...}#..# #.#
###.###..# .. ...
#


You could see a centaur warrior.

Vanquished Creatures
  A wyvern (D:7)
  A vampire (D:6)
  2 water moccasins
  Duvessa (D:7)
  2 black bears
  2 orc warriors
  2 sky beasts (D:7)
  2 ice beasts
  2 ogres
  A phantom (D:4)
  A bullfrog (D:6)
  3 scorpions
  Dowan (D:7)
  4 wights (D:7)
  6 killer bees
  A vampire bat (D:8)
  A jelly (D:8)
  2 bombardier beetles (D:3)
  3 hounds
  6 orc priests
  2 sleepcaps
  5 iguanas
  7 orc wizards
  8 gnolls
  9 adders
  A white imp (D:3)
  2 dart slugs (D:3)
  A ribbon worm (D:4)
  24 orcs
  4 ball pythons
  9 endoplasms
  6 giant cockroaches
  8 goblins
  8 hobgoblins
  A jackal (D:3)
  8 kobolds
  7 quokkas
  12 bats
  3 frilled lizards
  5 rats
174 creatures vanquished.

Notes
Turn   | Place    | Note
-------+----------+-------------------------------------------
     0 | D:1      | qw the Demigod Hunter began the quest for the Orb.
     0 | D:1      | Reached XP level 1. HP: 17/17 MP: 3/3
     0 | D:1      | 0 ||| qw: Version: 0.3-a-155-g5e7d8dd
     0 | D:1      | 0 ||| qw: Game counter: 380
     0 | D:1      | 0 ||| qw: Melee chars always use a shield: true
     0 | D:1      | 0 ||| qw: God list: Okawaru
     0 | D:1      | 0 ||| qw: Allow faded altars: false
     0 | D:1      | 0 ||| qw: Do Orc after clearing Dungeon:15 true
     0 | D:1      | 0 ||| qw: Do second Lair branch before Depths: true
     0 | D:1      | 0 ||| qw: Lair rune preference: random
     0 | D:1      | 0 ||| qw: Goals: Normal
     0 | D:1      | 0 ||| PLANNING D:1-11
   181 | D:1      | Reached skill level 4 in Ranged Weapons
   202 | D:1      | Reached XP level 2. HP: 18/24 MP: 4/4
   635 | D:1      | 635 ||| UPGRADING to +0 ring mail.
   645 | D:1      | 645 ||| DROPPING +0 leather armour.
   646 | D:1      | 646 ||| UPGRADING to ring of poison resistance.
   647 | D:1      | 647 ||| READING scroll labelled KAOGUL AWOCW.
   648 | D:1      | 648 ||| READING scroll labelled MUECANLUOGO.
   648 | D:1      | 648 ||| IDENTIFYING cyan potion
   649 | D:1      | 649 ||| READING scroll labelled LAONWU ZUIDAUX.
   750 | D:1      | 750 ||| READING scroll labelled RUF FECEHEX.
   750 | D:1      | 750 ||| ENCHANTING +0 shortbow.
   751 | D:1      | 751 ||| READING scroll labelled JIAWUFYMOUCK.
   751 | D:1      | 751 ||| BRANDING +1 shortbow.
   752 | D:1      | 752 ||| DROPPING scroll of butterflies.
   950 | D:2      | Reached XP level 3. HP: 29/29 MP: 5/5
  1006 | D:2      | 1006 ||| READING scroll of enchant weapon.
  1006 | D:2      | 1006 ||| ENCHANTING +1 heavy shortbow.
  1294 | D:2      | 1294 ||| READING 2 scrolls of identify.
  1294 | D:2      | 1294 ||| IDENTIFYING sedimented brown potion
  1295 | D:2      | 1295 ||| READING scroll of identify.
  1295 | D:2      | 1295 ||| IDENTIFYING puce potion
  1296 | D:2      | 1296 ||| READING scroll labelled ZIVUKKYECA.
  1297 | D:2      | 1297 ||| DRINKING 2 golden potions.
  1298 | D:2      | 1298 ||| DROPPING potion of degeneration.
  1299 | D:2      | 1299 ||| DROPPING potion of brilliance.
  1356 | D:3      | Reached skill level 5 in Ranged Weapons
  1517 | D:3      | Reached XP level 4. HP: 35/36 MP: 6/6
  1635 | D:3      | Reached skill level 1 in Armour
  1659 | D:3      | Reached XP level 5. HP: 33/41 MP: 7/7
  1991 | D:3      | Noticed a cacodemon
  2083 | D:3      | 2083 ||| UPGRADING to amulet of reflection.
  2088 | D:3      | 2088 ||| DRINKING 2 clear potions.
  2126 | D:4      | 2126 ||| PLANNING SEWER
  2290 | D:4      | Found Erghor's Fire Supplies.
  2309 | D:4      | Reached skill level 6 in Ranged Weapons
  2380 | D:4      | 2380 ||| SHOPLISTING +2 leather armour of fire resistance
                  | (209 gold, have 160).
  2380 | D:4      | 2380 ||| SHOPLISTING ring of fire (275 gold, have 160).
  2464 | D:4      | Reached skill level 3 in Fighting
  2464 | D:4      | Reached XP level 6. HP: 46/51 MP: 8/8
  2631 | D:4      | Reached skill level 3 in Dodging
  2858 | D:4      | 2858 ||| RIP SEWER
  2892 | D:4      | 2892 ||| PLANNING D:1-11
  2892 | D:4      | 2892 ||| DROPPING ring of wizardry.
  2893 | D:4      | 2893 ||| UPGRADING to ring of protection from cold.
  2894 | D:4      | 2894 ||| READING scroll of identify.
  2894 | D:4      | 2894 ||| IDENTIFYING fuming grey potion
  2895 | D:4      | 2895 ||| READING scroll labelled YSMIDY GEXKASK.
  2996 | D:4      | 2996 ||| READING 2 scrolls labelled RUEROR ZAWI.
  2997 | D:4      | 2997 ||| DRINKING 2 bubbling cyan potions.
  2998 | D:4      | 2998 ||| DROPPING potion of magic.
  2999 | D:4      | 2999 ||| DROPPING scroll of fog.
  3030 | D:5      | Entered Level 5 of the Dungeon
  3033 | D:5      | 3033 ||| STAIRDANCE
  3060 | D:5      | 3060 ||| STAIRDANCE
  3065 | D:4      | HP: 10/51 [orc wizard/magic dart (9)]
  3215 | D:5      | 3215 ||| STAIRDANCE
  3220 | D:5      | 3220 ||| STAIRDANCE
  3343 | D:5      | Reached XP level 7. HP: 57/57 MP: 9/9
  3354 | D:5      | 3354 ||| DRINKING potion of haste.
  3356 | D:5      | Reached skill level 7 in Ranged Weapons
  3828 | D:5      | Found a staircase to the Ecumenical Temple.
  3840 | D:5      | HP: 11/57 [gnoll/+0 whip (5)]
  3841 | D:5      | Reached skill level 8 in Ranged Weapons
  4195 | D:5      | 4195 ||| READING 5 scrolls of identify.
  4195 | D:5      | 4195 ||| IDENTIFYING smoky red potion
  4196 | D:5      | 4196 ||| READING 4 scrolls of identify.
  4196 | D:5      | 4196 ||| IDENTIFYING orange potion
  4197 | D:5      | 4197 ||| READING 3 scrolls of identify.
  4197 | D:5      | 4197 ||| IDENTIFYING 2 coppery potions
  4198 | D:5      | 4198 ||| READING 2 scrolls of identify.
  4198 | D:5      | 4198 ||| IDENTIFYING scroll labelled LYANA CEYMPE
  4199 | D:5      | 4199 ||| DROPPING scroll of poison.
  4200 | D:5      | 4200 ||| DROPPING 2 potions of attraction.
  4201 | D:5      | 4201 ||| DROPPING potion of lignification.
  4210 | D:6      | 4210 ||| STAIRDANCE
  4267 | D:6      | 4267 ||| STAIRDANCE
  4394 | D:6      | Reached XP level 8. HP: 67/67 MP: 10/10
  4527 | D:6      | 4527 ||| FLEEEEING.
  4528 | D:6      | 4528 ||| FLEEEEING.
  4529 | D:6      | 4529 ||| FLEEEEING.
  4530 | D:6      | 4530 ||| FLEEEEING.
  4531 | D:6      | 4531 ||| FLEEEEING.
  4532 | D:6      | 4532 ||| FLEEEEING.
  4533 | D:6      | 4533 ||| FLEEEEING.
  4534 | D:6      | 4534 ||| FLEEEEING.
  4535 | D:6      | 4535 ||| FLEEEEING.
  4536 | D:6      | 4536 ||| FLEEEEING.
  4537 | D:6      | 4537 ||| FLEEEEING.
  4593 | D:6      | Reached skill level 9 in Ranged Weapons
  4956 | D:6      | 4956 ||| FLEEEEING.
  5043 | D:6      | Identified the +8 whip "Myny" {drain, *Rage rN++}
  5104 | D:6      | 5104 ||| DROPPING +6 ring of intelligence.
  5105 | D:6      | 5105 ||| READING 2 scrolls of identify.
  5105 | D:6      | 5105 ||| IDENTIFYING 3 viscous white potions
  5106 | D:6      | 5106 ||| READING scroll of identify.
  5106 | D:6      | 5106 ||| IDENTIFYING scroll labelled ADUGIVVAETIK
  5172 | D:7      | Found a transporter.
  5191 | D:7      | 5191 ||| READING scroll of enchant weapon.
  5191 | D:7      | 5191 ||| ENCHANTING +2 heavy shortbow.
  5436 | D:7      | Noticed qw's ghost (novice DjHu)
  5447 | D:7      | Found a transporter.
  5662 | D:7      | Noticed Dowan
  5663 | D:7      | Noticed Duvessa
  5664 | D:7      | Killed Dowan
  5665 | D:7      | 5665 ||| ZAPPING wand of paralysis (4) at 0,4 (Duvessa;
                  | floor).
  5666 | D:7      | 5666 ||| ZAPPING wand of paralysis (3) at 0,3 (Duvessa;
                  | floor).
  5667 | D:7      | 5667 ||| ZAPPING wand of paralysis (2) at 0,1 (Duvessa;
                  | floor).
  5668 | D:7      | 5668 ||| DRINKING potion of haste.
  5673 | D:7      | Killed Duvessa
  5674 | D:7      | Reached skill level 10 in Ranged Weapons
  5674 | D:7      | Reached XP level 9. HP: 74/74 MP: 11/11
  5966 | D:7      | Found a runed translucent door.
  5967 | D:7      | Noticed Crazy Yiuf
  6253 | D:7      | 6253 ||| UPGRADING to +2 leather armour of positive energy.
  6263 | D:7      | 6263 ||| DROPPING +0 ring mail.
  6335 | D:8      | 6335 ||| RETREEEEATING.
  6337 | D:8      | 6337 ||| STAIRDANCE
  6347 | D:8      | 6347 ||| STAIRDANCE
  6350 | D:7      | HP: 18/74 [killer bee (4)]
  6351 | D:7      | 6351 ||| READING scroll of teleportation.
  6668 | D:8      | 6668 ||| STAIRDANCE
  6708 | D:8      | 6708 ||| STAIRDANCE
  6720 | D:8      | 6720 ||| RETREEEEATING.
  6724 | D:8      | 6724 ||| RETREEEEATING.
  6727 | D:8      | Reached skill level 6 in Dodging
  6744 | D:8      | 6744 ||| FLEEEEING.
  6745 | D:8      | 6745 ||| FLEEEEING.
  6746 | D:8      | 6746 ||| FLEEEEING.
  6760 | D:8      | Reached skill level 6 in Fighting
  6852 | D:8      | Noticed a centaur warrior
  6853 | D:8      | 6853 ||| ZAPPING wand of paralysis (1) at -6,-7 (centaur
                  | warrior; floor).
  6857 | D:8      | HP: 13/75 [centaur warrior/arrow (29)]
  6857 | D:8      | Shot with an arrow by a centaur warrior

Levels and vault maps discovered:
D:1:      mrwooster_arrival_statue, layout_basic, minmay_pentomino_w2
D:2:      layout_basic, dreamdust_ecumenical_altar_grove
D:3:      minmay_octagon_keep, layout_loops_cross, grunt_temple_overflow_open,
          makhleb_altar_promises_db
D:4:      layout_loops_ring, mainiacjoe_overflow_catch_the_wave,
          gup_sewer_entry_bowl, nicolae_shop_fire_sale [nicolae_sub_dead_trees]
D:5:      layout_gridville, temple_fountains, hangedman_decor_diamond_cutter,
          nicolae_letterblocks [nicolae_letter_subblock,
          nicolae_letter_subblock, nicolae_letter_subblock,
          nicolae_letter_subblock, nicolae_letter_subblock,
          nicolae_letter_subblock, nicolae_letter_subblock,
          nicolae_letter_subblock, nicolae_letter_subblock,
          nicolae_letter_subblock, nicolae_letter_subblock,
          nicolae_letter_subblock, nicolae_letter_subblock,
          nicolae_letter_subblock, nicolae_letter_subblock,
          nicolae_letter_subblock, nicolae_letter_subblock,
          nicolae_letter_subblock, nicolae_letter_subblock,
          nicolae_letter_subblock, nicolae_letter_subblock,
          nicolae_letter_subblock, nicolae_letter_subblock,
          nicolae_letter_subblock, nicolae_letter_subblock]
D:6:      layout_rooms, minmay_tree_intersection, billiards_dpeg
D:7:      layout_loops_corners, gammafunk_ghost_stat_death,
          uniq_crazy_yiuf_cottage, uniq_duvessa
D:8:      layout_loops_ring, lemuel_crystal_altar, roderic_batcave,
          minmay_chambers_of_fives

Skill      XL: |  1  2  3  4  5  6  7  8  9 |
---------------+----------------------------+-----
Ranged Weapons | 4 5 6 8 10 | 10.0
Fighting       | 2 3 4 5 6 |  6.0
Dodging        | 2 3 4 6 |  6.2
Armour         | 1 2 |  2.4
Stealth        | |  0.8

Action                     |  1- 3 |  4- 6 |  7- 9 || total
---------------------------+-------+-------+-------++-------
   Fire: Shortbow          |    85 |   144 |   239 ||   468
  Evoke: Wand              |       |       |     4 ||     4
    Use: Scroll            |     9 |     3 |     8 ||    20
         Potion            |     1 |     2 |     2 ||     5
 Armour: Leather armour    |     7 |       |    51 ||    58
         Ring mail         |    23 |    47 |    84 ||   154
  Dodge: Dodged            |    26 |    38 |   133 ||   197
  Block: Other             |       |     8 |    39 ||    47
         Reflection        |       |     1 |       ||     1

Table legend:
 A = Non-vault XP
 B = Vault XP
 C = Vault XP percentage of total XP
 D = Non-vault monster count
 E = Vault monster count
 F = Vault count percentage of total count
                 A         B        C        D         E       F
            +---------+---------+-------+---------+---------+-------
      Total |    4311 |     546 |  11.2 |     142 |      32 |  18.4
            +---------+---------+-------+---------+---------+-------
        D:1 |      23 |       4 |  14.8 |      13 |       2 |  13.3
        D:2 |      60 |       0 |   0.0 |      14 |       0 |   0.0
        D:3 |      77 |     113 |  59.5 |      21 |      14 |  40.0
        D:4 |     515 |       7 |   1.3 |      30 |       3 |   9.1
        D:5 |     781 |       0 |   0.0 |      22 |       0 |   0.0
        D:6 |    1125 |     142 |  11.2 |      16 |       4 |  20.0
        D:7 |    1159 |     214 |  15.6 |      17 |       2 |  10.5
        D:8 |     571 |      66 |  10.4 |       9 |       7 |  43.8
            +---------+---------+-------+---------+---------+-------
